 Dungeon Crawl Stone Soup version 0.28.0-53-g5a82cb258f (webtiles) character file.

Game seed: 14543269102421943523

171 safid the Chopper (level 5, 0/46 HPs)
             Began as a Hill Orc Fighter on Aug 12, 2022.
             Slain by Sigmund
             ... wielding a +0 scythe
              (5 damage)
             ... on level 3 of the Dungeon.
             The game lasted 00:03:17 (2518 turns).

safid the Chopper (Hill Orc Fighter)                Turns: 2518, Time: 00:03:18

Health: 0/46       AC:  8    Str: 21    XL:     5   Next: 51%
Magic:  5/5        EV:  9    Int:  8    God:
Gold:   87         SH:  0    Dex: 10    Spells: 4/4 levels left

rFire   . . .      SeeInvis .   a - +0 war axe
rCold   . . .      Faith    .   c - +0 buckler
rNeg    . . .      Spirit   .   b - +0 scale mail
rPois   .          Reflect  .   o - +0 helmet
rElec   .          Harm     .   (no cloak)
rCorr   .          Rampage  .   (no gloves)
Will    .....                   (no boots)
Stlth   ..........              (no amulet)
HPRegen 0.15/turn               (no ring)
MPRegen 0.09/turn               (no ring)

@: confused, mighty
A: no striking features
a: no special abilities


You were on level 3 of the Dungeon.
You visited 1 branch of the dungeon, and saw 3 of its levels.

You collected 87 gold pieces.

Inventory:

Hand Weapons
 a - a +0 war axe (weapon)
Armour
 b - a +0 scale mail (worn)
 c - a +0 buckler (worn)
 o - a +0 helmet (worn)
Scrolls
 e - 2 scrolls of identify {unknown}
 f - a scroll of silence {unknown}
 i - 3 scrolls of fog {unknown}
 j - 3 scrolls of enchant weapon {unknown}
 k - a scroll of teleportation {unknown}
 l - a scroll of vulnerability {unknown}
Potions
 g - a potion of resistance {unknown}
 h - 3 potions of attraction {unknown}
 m - a potion of degeneration {unknown}
 n - a potion of lignification {unknown}


   Skills:
 - Level 4.0 Fighting
 + Level 6.0 Axes
 - Level 4.0 Armour
 - Level 4.0 Shields


You had 4 spell levels left.
You didn't know any spells.
Your spell library contained the following spells:

 Spells                   Type           Power      Damage    Failure   Level
 Fireball                 Conj/Fire      0%         3d3       100%        5
 Iskenderun's Battlesphe  Conj           0%         2d6       100%        5
 Conjure Ball Lightning   Conj/Air       0%         3x3d6     100%        6
 Orb of Destruction       Conj           0%         9d5       100%        7


Dungeon Overview and Level Annotations

Branches:
Dungeon (3/15)

Altars:

Shops:
D:1 *

Annotations:
D:3 Grinder, Sigmund


Message History

You are more confused.
The kobold hits you with a +0 whip. Sigmund hits you with a +0 scythe!
Grinder blinks!
Unknown command.
You bump into the rock wall.
The kobold hits you but does no damage. Sigmund closely misses you.
Unknown command.
You closely miss Sigmund.
Sigmund is severely wounded.
You miss the kobold. The kobold hits you with a +0 whip.
Sigmund hits you with a +0 scythe. The kobold hits you but does no damage.
Unknown command.
You bump into the rock wall.
Sigmund closely misses you.
Grinder blinks!
The kobold barely misses you.
Unknown command.
Sigmund barely misses you.
Unknown command.
You bump into the rock wall.
Sigmund closely misses you. The kobold hits you but does no damage.
Unknown command.
You miss the kobold. Sigmund barely misses you.
Grinder blinks!
The kobold hits you with a +0 whip.
* * * LOW HITPOINT WARNING * * *
Unknown command.
You miss the kobold. Sigmund barely misses you.
The kobold hits you with a +0 whip.
* * * LOW HITPOINT WARNING * * *
Unknown command.
Unknown command.
You're too confused to move!
Sigmund hits you from afar with a +0 scythe!
* * * LOW HITPOINT WARNING * * *
The kobold hits you but does no damage.
Unknown command.
You're too confused to move!
Sigmund barely misses you. The kobold completely misses you.
Unknown command.
You bump into the rock wall.
Sigmund hits you from afar with a +0 scythe.
You die...

..(....K............
.....#######......>.
..## #........ .
##........ ##.5.......
##...# ######..#.......
##..#.# #...#@.###.....#
##.....#####.#.#K##
######
................@#
..........###..<##
................####
...................####
..............#.##....#
..............#.#####.#
..............#.# ##.#
.........######.####..##
......†..# #.##.....#


You could see Grinder, Sigmund (fast) and a kobold.

Vanquished Creatures
  Jessica (D:2)
  Natasha (twice) (D:2)
  2 adders
  An adder skeleton (D:2)
  A dart slug (D:1)
  6 ball pythons
  5 endoplasms
  5 giant cockroaches
  A hobgoblin (D:1)
  5 jackals
  3 quokkas
  9 bats
  5 frilled lizards
  5 goblins
  12 kobolds
  5 rats
68 creatures vanquished.

Notes
Turn   | Place    | Note
-------+----------+-------------------------------------------
     0 | D:1      | safid the Hill Orc Fighter began the quest for the Orb.
     0 | D:1      | Reached XP level 1. HP: 19/19 MP: 1/1
    71 | D:1      | Found Duipnis's Assorted Antiques.
   241 | D:1      | Reached XP level 2. HP: 27/27 MP: 2/2
   256 | D:1      | Reached skill level 3 in Axes
   658 | D:1      | Reached XP level 3. HP: 33/33 MP: 3/3
   785 | D:1      | Found a faded altar of an unknown god.
  1403 | D:2      | Reached XP level 4. HP: 40/40 MP: 4/4
  1552 | D:2      | Reached skill level 4 in Axes
  1667 | D:2      | Noticed Jessica
  1674 | D:2      | Killed Jessica
  1935 | D:2      | Noticed Natasha
  1945 | D:2      | Killed Natasha
  1946 | D:2      | Reached skill level 5 in Axes
  1946 | D:2      | Reached XP level 5. HP: 16/46 MP: 5/5
  2015 | D:2      | Noticed Natasha
  2024 | D:2      | Killed Natasha
  2436 | D:3      | Reached skill level 6 in Axes
  2489 | D:3      | Noticed Grinder
  2489 | D:3      | Noticed Sigmund
  2518 | D:3      | Slain by Sigmund

Illustrated notes

Levels and vault maps discovered:
D:1:      matt_arrival_diagonals, layout_loops_ring, serial_shops, shop,
          shapermc_ecumenical_altar_notcrosses, columned_hall_lemuel,
          kennysheep_pointless_box, chequers_arboretum, minmay_octomino_j4
D:2:      layout_loops_cross, kennysheep_generic_room_4, uniq_jessica,
          uniq_natasha
D:3:      layout_rooms, uniq_grinder, uniq_robin, uniq_sigmund

Skill      XL: |  1  2  3  4  5 |
---------------+----------------+-----
Axes           | 3 5 6 |  6.0
Fighting       | 4 |  4.0
Shields        | 4 |  4.0
Armour         | 4 |  4.0

Action                   |  1- 3 |  4- 6 || total
-------------------------+-------+-------++-------
Melee: War axe           |   128 |    64 ||   192
  Use: Potion            |       |     1 ||     1
Armor: Scale mail        |    77 |    22 ||    99
Dodge: Dodged            |    66 |    42 ||   108
Block: Buckler           |    35 |    10 ||    45
